[ AOE2 MATCH · #495762594 ]
UnrankedKoreans vs Tatars
Player's team · LOSS
Rival team · WIN
[ REPLAY ANALYSIS · EXTRACTED FROM THE RECORDED GAME ]
Feudal
8:26
Castle
19:27
Imperial
39:17
| APM avg | 53.6 |
| APM peak | 82 |
| eAPM avg | 28.8 |
| Villagers / military | 190 / 172 |
Focus
⚔️ 40.7% · 🌾 59.3%
Skirmisher ×63 · Spearman ×51 · Archer ×36 · Fire Lancer ×11 · Iron Pagoda ×5 · Trebuchet (Packed) ×4
Feudal
11:46
Castle
21:03
Imperial
41:29
| APM avg | 89.9 |
| APM peak | 155 |
| eAPM avg | 52.7 |
| Villagers / military | 386 / 138 |
Focus
⚔️ 61.9% · 🌾 38.1%
Cavalry Archer ×51 · Mangonel ×40 · Battering Ram ×13 · Skirmisher ×10 · Militia ×5 · Scorpion ×5
Match map
Initial resources + every placement click. Lines = walls · curves = elevation contours. ◆ gold · ⬟ stone · ● berries · ✦ relic · ◌ wall gap
Your base· Open — opponent sealed themselves in
HaraKiri_aoe's base· ✓ Closed at 21:03 · 45t walls · no gate
Smoothed initial terrain · ◌ = detected wall gap · hover for details
Inputs per minute
— vuppE - - HaraKiri_aoe
Build order — vuppE
First 150 of 412 actions detected
| 0:00 | Queue | Villager (Male) ×4 |
| 0:01 | Build | House |
| 0:02 | Build | House |
| 0:05 | Build | House |
| 1:34 | Queue | Villager (Male) |
| 1:54 | Queue | Villager (Male) |
| 2:11 | Build | House |
| 2:27 | Queue | Villager (Male) |
| 2:27 | Queue | Villager (Male) |
| 2:27 | Queue | Villager (Male) |
| 2:35 | Build | Lumber Camp |
| 3:20 | Queue | Villager (Male) |
| 3:36 | Queue | Villager (Male) |
| 3:59 | Queue | Villager (Male) |
| 4:18 | Queue | Villager (Male) |
| 4:52 | Build | Mill |
| 4:56 | Queue | Villager (Male) |
| 4:56 | Queue | Villager (Male) |
| 5:31 | Research | Loom |
| 6:06 | Research | Feudal Age |
| 6:47 | Build | House |
| 7:27 | Build | Barracks |
| 8:04 | Queue | Villager (Male) |
| 8:26 | Age | Feudal Age |
| 8:26 | Build | Archery Range |
| 8:32 | Build | House |
| 8:37 | Research | Double-Bit Axe |
| 8:42 | Queue | Villager (Male) |
| 8:42 | Queue | Villager (Male) |
| 8:52 | Build | Palisade Wall |
| 8:54 | Build | House |
| 9:06 | Build | Palisade Wall |
| 9:07 | Queue | Villager (Male) |
| 9:08 | Queue | Archer |
| 9:18 | Build | Palisade Wall |
| 9:26 | Build | Mining Camp |
| 9:38 | Build | Farm |
| 9:40 | Build | Farm |
| 9:44 | Build | Palisade Wall |
| 9:55 | Build | House |
| 10:03 | Queue | Villager (Male) |
| 10:20 | Build | Farm |
| 10:21 | Queue | Villager (Male) |
| 10:35 | Queue | Archer |
| 10:43 | Build | Farm |
| 10:45 | Queue | Villager (Male) |
| 11:09 | Build | House |
| 11:12 | Queue | Villager (Male) |
| 11:19 | Queue | Archer |
| 11:22 | Queue | Villager (Male) |
| 11:31 | Build | Palisade Wall |
| 11:35 | Build | Palisade Gate |
| 11:36 | Queue | Villager (Male) |
| 11:44 | Build | Farm |
| 11:50 | Build | Farm |
| 12:09 | Queue | Archer |
| 12:29 | Queue | Villager (Male) |
| 12:48 | Build | Blacksmith |
| 12:50 | Queue | Villager (Male) |
| 13:01 | Build | Farm |
| 13:09 | Queue | Archer |
| 13:19 | Queue | Archer |
| 13:22 | Queue | Villager (Male) |
| 13:35 | Research | Fletching |
| 13:44 | Build | House |
| 13:48 | Queue | Villager (Male) |
| 14:11 | Queue | Villager (Male) |
| 14:18 | Build | Archery Range |
| 14:23 | Build | House |
| 14:27 | Queue | Villager (Male) |
| 14:41 | Build | House |
| 14:59 | Queue | Villager (Male) |
| 15:01 | Build | Farm |
| 15:14 | Queue | Archer |
| 15:14 | Queue | Archer |
| 15:24 | Build | Farm |
| 15:25 | Queue | Villager (Male) |
| 15:29 | Build | House |
| 15:47 | Build | Farm |
| 15:47 | Queue | Villager (Male) |
| 16:00 | Build | Palisade Wall |
| 16:04 | Build | Farm |
| 16:18 | Queue | Villager (Male) |
| 16:23 | Build | House |
| 16:29 | Queue | Archer |
| 16:30 | Queue | Archer |
| 16:41 | Build | Palisade Gate |
| 16:47 | Research | Castle Age |
| 17:01 | Queue | Archer |
| 17:02 | Queue | Archer |
| 17:08 | Build | Farm |
| 17:32 | Research | Gold Mining |
| 17:33 | Research | Horse Collar |
| 17:35 | Queue | Archer |
| 17:35 | Queue | Archer |
| 17:38 | Build | House |
| 17:57 | Build | Palisade Wall |
| 17:58 | Build | Palisade Wall |
| 18:08 | Build | Palisade Wall |
| 18:14 | Queue | Archer |
| 18:15 | Queue | Archer |
| 18:20 | Build | Farm |
| 18:34 | Build | Farm |
| 18:40 | Build | Farm |
| 18:55 | Build | House |
| 19:10 | Queue | Villager (Male) |
| 19:27 | Age | Castle Age |
| 19:34 | Research | Crossbowman (upgrade) |
| 19:35 | Research | Bodkin Arrow |
| 19:54 | Queue | Villager (Male) |
| 19:54 | Queue | Villager (Male) |
| 19:57 | Build | Palisade Wall |
| 20:10 | Queue | Villager (Male) |
| 20:33 | Build | Town Center |
| 20:34 | Queue | Villager (Male) |
| 20:45 | Queue | Archer |
| 20:45 | Queue | Archer |
| 21:11 | Research | Bow Saw |
| 21:24 | Build | Farm |
| 21:26 | Queue | Archer |
| 21:26 | Queue | Archer |
| 21:30 | Queue | Villager (Male) |
| 21:37 | Build | Farm |
| 21:45 | Queue | Villager (Male) |
| 21:58 | Queue | Archer |
| 21:58 | Queue | Archer |
| 22:09 | Queue | Villager (Male) ×3 |
| 22:25 | Build | Town Center |
| 22:40 | Queue | Archer |
| 22:40 | Queue | Archer |
| 22:53 | Queue | Villager (Male) |
| 22:53 | Queue | Villager (Male) |
| 22:57 | Queue | Archer |
| 22:58 | Queue | Archer |
| 23:00 | Build | House |
| 23:02 | Build | House |
| 23:14 | Queue | Villager (Male) |
| 23:14 | Queue | Villager (Male) |
| 23:18 | Build | Farm |
| 23:22 | Build | Farm |
| 23:30 | Build | Farm |
| 23:31 | Build | Farm |
| 23:36 | Queue | Villager (Male) |
| 23:37 | Queue | Villager (Male) |
| 23:47 | Queue | Villager (Male) |
| 23:50 | Build | Farm |
| 23:51 | Build | Farm |
| 23:52 | Build | Farm |
| 23:53 | Build | Farm |
| 23:59 | Build | Farm |
Build order — HaraKiri_aoe
First 150 of 757 actions detected
| 0:00 | Queue | Villager (Male) |
| 0:01 | Queue | Villager (Male) |
| 0:02 | Build | House |
| 0:03 | Build | House |
| 0:12 | Queue | Villager (Male) |
| 0:12 | Queue | Villager (Male) |
| 1:38 | Queue | Villager (Male) |
| 1:39 | Queue | Villager (Male) |
| 2:06 | Queue | Villager (Male) |
| 2:18 | Build | Lumber Camp |
| 2:30 | Queue | Villager (Male) |
| 2:46 | Queue | Villager (Male) |
| 3:06 | Queue | Villager (Male) |
| 3:32 | Queue | Villager (Male) |
| 3:55 | Build | House |
| 4:20 | Queue | Villager (Male) |
| 4:32 | Queue | Villager (Male) |
| 5:00 | Build | Barracks |
| 5:06 | Queue | Villager (Male) |
| 5:09 | Queue | Villager (Male) |
| 5:14 | Queue | Villager (Male) |
| 5:33 | Build | House |
| 5:40 | Build | Palisade Wall |
| 5:52 | Build | House |
| 6:07 | Queue | Militia |
| 6:15 | Queue | Villager (Male) |
| 6:37 | Queue | Villager (Male) |
| 6:37 | Queue | Villager (Male) |
| 6:39 | Queue | Villager (Male) |
| 6:39 | Queue | Villager (Male) |
| 6:41 | Build | House |
| 6:44 | Build | House |
| 6:48 | Queue | Militia |
| 6:48 | Queue | Militia |
| 6:51 | Queue | Villager (Male) |
| 6:53 | Queue | Villager (Male) |
| 7:20 | Queue | Villager (Male) |
| 7:21 | Queue | Militia |
| 7:21 | Queue | Militia |
| 7:34 | Queue | Villager (Male) |
| 7:35 | Build | Mill |
| 7:41 | Queue | Villager (Male) |
| 7:45 | Queue | Villager (Male) |
| 7:45 | Queue | Villager (Male) |
| 8:08 | Queue | Villager (Male) |
| 8:19 | Queue | Villager (Male) |
| 8:26 | Queue | Villager (Male) |
| 8:27 | Queue | Villager (Male) |
| 8:49 | Queue | Villager (Male) |
| 9:01 | Research | Loom |
| 9:03 | Build | Mining Camp |
| 9:12 | Research | Feudal Age |
| 9:16 | Build | House |
| 9:22 | Build | Palisade Wall |
| 9:45 | Build | Palisade Wall |
| 9:47 | Build | Palisade Wall |
| 10:12 | Queue | Villager (Male) |
| 10:38 | Build | House |
| 10:45 | Build | Palisade Wall |
| 11:27 | Queue | Villager (Male) |
| 11:46 | Age | Feudal Age |
| 11:48 | Build | Archery Range |
| 11:54 | Build | Blacksmith |
| 12:15 | Queue | Villager (Male) |
| 12:16 | Queue | Archer |
| 12:17 | Queue | Skirmisher |
| 12:23 | Queue | Villager (Male) |
| 12:23 | Queue | Villager (Male) |
| 12:41 | Queue | Villager (Male) |
| 12:43 | Queue | Skirmisher |
| 12:43 | Queue | Skirmisher |
| 12:52 | Research | Double-Bit Axe |
| 12:52 | Research | Fletching |
| 12:53 | Research | Fletching |
| 12:55 | Queue | Villager (Male) |
| 13:00 | Queue | Villager (Male) |
| 13:02 | Queue | Skirmisher |
| 13:08 | Queue | Villager (Male) |
| 13:12 | Queue | Villager (Male) |
| 13:19 | Queue | Villager (Male) |
| 13:21 | Queue | Skirmisher |
| 13:23 | Queue | Villager (Male) |
| 13:24 | Build | Farm |
| 13:25 | Build | Farm |
| 13:25 | Queue | Villager (Male) |
| 13:27 | Queue | Villager (Male) |
| 13:30 | Build | Farm |
| 13:33 | Queue | Villager (Male) |
| 13:40 | Queue | Skirmisher |
| 13:46 | Research | Padded Archer Armor |
| 13:47 | Queue | Villager (Male) |
| 13:48 | Queue | Villager (Male) |
| 13:50 | Build | Farm |
| 13:51 | Build | Farm |
| 13:56 | Research | Man-at-Arms (upgrade) |
| 13:56 | Queue | Villager (Male) |
| 13:58 | Build | Farm |
| 14:00 | Queue | Villager (Male) |
| 14:18 | Build | House |
| 14:19 | Queue | Skirmisher |
| 14:19 | Queue | Skirmisher |
| 14:32 | Build | House |
| 14:33 | Build | House |
| 14:35 | Research | Town Watch |
| 14:40 | Queue | Villager (Male) |
| 14:50 | Queue | Villager (Male) |
| 14:55 | Build | Lumber Camp |
| 15:00 | Build | Palisade Wall |
| 15:06 | Queue | Villager (Male) |
| 15:07 | Queue | Skirmisher |
| 15:19 | Build | Farm |
| 15:36 | Queue | Villager (Male) |
| 15:38 | Build | Farm |
| 15:40 | Build | Farm |
| 15:51 | Queue | Villager (Male) |
| 15:56 | Queue | Villager (Male) |
| 16:00 | Build | House |
| 16:02 | Queue | Spearman |
| 16:03 | Queue | Spearman |
| 16:10 | Queue | Spearman |
| 16:15 | Queue | Villager (Male) |
| 16:18 | Build | Farm |
| 16:29 | Queue | Villager (Male) |
| 16:31 | Queue | Villager (Male) |
| 16:36 | Build | Market |
| 16:36 | Build | House |
| 16:41 | Queue | Villager (Male) |
| 16:57 | Queue | Villager (Male) |
| 16:57 | Queue | Villager (Male) |
| 16:58 | Queue | Villager (Male) |
| 17:01 | Queue | Villager (Male) |
| 17:01 | Queue | Villager (Male) |
| 17:04 | Build | Farm |
| 17:20 | Queue | Villager (Male) |
| 17:22 | Build | Farm |
| 17:24 | Build | Farm |
| 17:25 | Build | Farm |
| 17:27 | Build | Farm |
| 17:28 | Build | Farm |
| 17:54 | Queue | Villager (Male) |
| 18:03 | Build | Farm |
| 18:23 | Research | Castle Age |
| 18:39 | Queue | Villager (Male) |
| 18:45 | Queue | Villager (Male) |
| 18:46 | Build | House |
| 18:46 | Build | House |
| 18:49 | Build | Farm |
| 19:59 | Queue | Villager (Male) |
| 20:06 | Build | Archery Range |
| 20:10 | Build | Stable |
Match timeline
| 5:00 | HaraKiri_aoe · first_building Barracks |
| 5:40 | HaraKiri_aoe · wall_segment Palisade Wall x5 |
| 7:27 | vuppE · first_building Barracks |
| 8:26 | vuppE · age_up feudal |
| 8:26 | vuppE · first_building Archery Range |
| 8:52 | vuppE · wall_segment Palisade Wall x1 |
| 9:06 | vuppE · wall_segment Palisade Wall x1 |
| 9:18 | vuppE · wall_segment Palisade Wall x11 |
| 9:22 | HaraKiri_aoe · wall_segment Palisade Wall x11 |
| 9:44 | vuppE · wall_segment Palisade Wall x1 |
| 9:45 | HaraKiri_aoe · wall_segment Palisade Wall x9 |
| 9:47 | HaraKiri_aoe · wall_segment Palisade Wall x6 |
| 10:45 | HaraKiri_aoe · wall_segment Palisade Wall x3 |
| 11:31 | vuppE · wall_segment Palisade Wall x1 |
| 11:46 | HaraKiri_aoe · age_up feudal |
| 11:48 | HaraKiri_aoe · first_building Archery Range |
| 15:00 | HaraKiri_aoe · wall_segment Palisade Wall x18 |
| 16:00 | vuppE · wall_segment Palisade Wall x1 |
| 17:57 | vuppE · wall_segment Palisade Wall x1 |
| 17:58 | vuppE · wall_segment Palisade Wall x1 |
| 18:08 | vuppE · wall_segment Palisade Wall x1 |
| 18:18 | HaraKiri_aoe · first_market_buy 100 food |
| 18:22 | HaraKiri_aoe · first_market_sell 500 wood |
| 19:27 | vuppE · age_up castle |
| 19:57 | vuppE · wall_segment Palisade Wall x1 |
| 20:10 | HaraKiri_aoe · first_building Stable |
| 21:03 | HaraKiri_aoe · age_up castle |
| 23:05 | HaraKiri_aoe · first_building Siege Workshop |
| 26:07 | vuppE · first_building Monastery |
| 26:39 | vuppE · first_building Siege Workshop |
| 31:10 | vuppE · first_building Castle |
| 32:21 | HaraKiri_aoe · first_building Castle |
| 34:22 | HaraKiri_aoe · first_building Monastery |
| 35:49 | vuppE · first_market_sell 500 food |
| 37:32 | vuppE · first_market_buy 100 stone |
| 39:17 | vuppE · age_up imperial |
| 41:29 | HaraKiri_aoe · age_up imperial |
| 49:53 | vuppE · resign |
[ AI ANALYSIS · 1 CREDIT ]
What really happened in this match?
Wolo.gg analyzes every decision: build order, eco, micro, common mistakes by bracket. Personalized analysis on WhatsApp or Discord in 30 seconds.
Civ guide
Koreans
Perfil
Jugador #275144